 Dungeon Crawl Stone Soup version 0.31-a0-102-g33a4ccc0cb (webtiles) character file.

Game seed: 8959388984031256559

9 Jeffwins the Stinger (level 2, 0/14 HPs)
             Began as a Vine Stalker Wanderer on May 26, 2023.
             Slain by a hobgoblin (3 damage)
             ... on level 1 of the Dungeon.
             The game lasted 00:00:35 (155 turns).

Jeffwins the Stinger (Vine Stalker Wanderer)         Turns: 155, Time: 00:00:36

Health: 0/14       AC:  2    Str: 13    XL:     2   Next: 12%
Magic:  0/6        EV: 11    Int: 13    God:
Gold:   0          SH:  0    Dex: 13    Spells: 5/5 levels left

rFire   . . .        a - +0 club
rCold   . . .        (no shield)
rNeg    . . .        c - +0 robe
rPois   .            (no helmet)
rElec   .            (no cloak)
rCorr   .            (no gloves)
SInv    .            (no boots)
Will    .....        (no amulet)
Stlth   +            (no ring)
HPRegen 0.22/turn    (no ring)
MPRegen 0.10/turn

%: guardian spirit
@: no status effects
A: fangs 2, magic shield, antimagic bite, no potion heal 2
a: no special abilities


You were on level 1 of the Dungeon.
You visited 1 branch of the dungeon, and saw 1 of its levels.


Innate Abilities, Weirdness & Mutations

You have extremely sharp teeth.
When hurt, damage is shared between your health and your magic reserves.
Your bite disrupts and absorbs the magic of your enemies.
Potions cannot restore your health.


   Skills:
 - Level 1.0 Fighting
 - Level 1.0 Dodging
 * Level 2.3 Spellcasting
 * Level 0.4 Transmutations
 * Level 0.5 Fire Magic
 - Level 2.0 Ice Magic
 * Level 0.4 Air Magic
 * Level 4.1 Poison Magic


You had 5 spell levels left.
You didn't know any spells.
Your spell library contained the following spells:

 Spells                   Type           Power      Damage    Failure   Level
 Freeze                   Ice            24%        1d4       11%         1
 Sting                    Tmut/Pois      24%        1d4       11%         1
 Poisonous Vapours        Pois/Air       12%        N/A       16%         2
 Ignite Poison            Fire/Tmut/Pois 4%         N/A       41%         3
 Hailstorm                Conj/Ice       3%         3d3       50%         3

Inventory:

Hand Weapons
 a - a +0 club (weapon)
Armour
 c - a +0 robe (worn)
Scrolls
 d - a scroll of teleportation {@r4}
Potions
 b - a potion of berserk rage {!q}

Dungeon Overview and Level Annotations

Branches:
Dungeon (1/15)

Altars:

######.#.#......
#................#
#.####.#....##.#.#
#.....### #.#
###.....# ...
#.###.# #.# #.#
#.# #.#
#.###'###.#
#.#.....#@#
#.#.....#g#
#.#.....#.#
#.#.....#†#
###'###.#
########.# #.#
.........###.#
#########....#
#h####


You could see a hobgoblin.


Message History

You kill the jackal!
You have reached level 2!
Okay, then.
The ball python bites you but does no damage.
The ball python grabs you. The ball python constricts you.
The ball python bites you. The ball python constricts you.
You hit the ball python.
You kill the ball python!
The goblin hits you with a +0 club.
* * * LOW HITPOINT WARNING * * *
The goblin closely misses you. The goblin attacks as you move away!
The goblin hits you with a +0 club.
* * * LOW HITPOINT WARNING * * *
You see here a ball python corpse.
Unknown command.
You hit the goblin.
The goblin is severely wounded.
The goblin barely misses you.
You hit the goblin.
You kill the goblin!
Unknown command.
You closely miss the hobgoblin. Your bite misses the hobgoblin.
The hobgoblin completely misses you.
Unknown command.
You closely miss the hobgoblin. The hobgoblin barely misses you.
The hobgoblin closely misses you.
You closely miss the hobgoblin. The hobgoblin hits you.
* * * LOW HITPOINT WARNING * * *
You closely miss the hobgoblin. The hobgoblin hits you.
You die...

Action                     || total
---------------------------++-------
  Melee: Club              ||    26
         Bite              ||     2
   Stab: Sleeping          ||     1
 Armour: Robe              ||     4
  Dodge: Dodged            ||    17

Levels and vault maps discovered:
D:1:      onia_arrival_mini_maze, layout_basic

Notes
Turn   | Place    | Note
-------+----------+-------------------------------------------
     0 | D:1      | Jeffwins the Vine Stalker Wanderer began the quest for the
                  | Orb.
     0 | D:1      | Jeffwins set off with the following items: a +0 club, a
                  | potion of berserk rage {!q}, a +0 robe, a scroll of
                  | teleportation {@r4}; and the following spells available to
                  | memorise: Freeze, Sting, Poisonous Vapours, Ignite Poison,
                  | Hailstorm.
     0 | D:1      | Reached XP level 1. HP: 10/10 MP: 4/4
   147 | D:1      | Reached XP level 2. HP: 11/14 MP: 3/6
   155 | D:1      | Slain by a hobgoblin

Vanquished Creatures
  An endoplasm (D:1)
  A giant cockroach (D:1)
  2 jackals (D:1)
  2 kobolds (D:1)
  A ball python (D:1)
  A goblin (D:1)
8 creatures vanquished.

Table legend: (Time is in decaauts)
 A = Elapsed time spent in this place.
 B = Non-inter-level travel time spent in this place.
 C = Inter-level travel time spent in this place.
 D = Time resting spent in this place.
 E = Time spent auto-exploring this place.
 F = Levels seen in this place.
 G = Mean time per level.
                   A        B        C        D        E       F      G
               +--------+--------+--------+--------+--------+-----+--------+
         Total |    162 |    162 |      0 |      0 |    107 |   1 |  162.0 |
       Dungeon |    162 |    162 |      0 |      0 |    107 |   1 |  162.0 |
               +--------+--------+--------+--------+--------+-----+--------+

Top non-repeatable levels by time:
     D:1: 162 daAuts

Table legend:
 A = Non-vault XP
 B = Vault XP
 C = Vault XP percentage of total XP
 D = Non-vault monster count
 E = Vault monster count
 F = Vault count percentage of total count
                 A         B        C        D         E       F
            +---------+---------+-------+---------+---------+-------
      Total |      13 |       0 |   0.0 |       8 |       0 |   0.0
            +---------+---------+-------+---------+---------+-------
        D:1 |      13 |       0 |   0.0 |       8 |       0 |   0.0
            +---------+---------+-------+---------+---------+-------
